 Dungeon Crawl Stone Soup version 0.30-a0-134-gb40fab5c76 (webtiles) character file.

Game seed: 17771376743444239555

28 Flugkiller the Chiller (level 3, -10/26 HPs)
             Began as a Meteoran Ice Elementalist on Sept 19, 2022.
             Mangled by an ogre
             ... wielding a +0 giant spiked club
              (17 damage)
             ... on level 3 of the Dungeon.
             The game lasted 00:01:53 (383 turns).

Flugkiller the Chiller (Meteoran Ice Elementalist)   Turns: 383, Time: 00:01:54

Health: -10/26     AC:  4    Str:  9    XL:     3   Next: 47%
Magic:  5/8        EV: 13    Int: 19    God:
Gold:   21         SH:  0    Dex: 17    Spells: 4/8 levels left

rFire   + . .      SeeInvis .    d - +0 dagger
rCold   . . .      Faith    .    (no shield)
rNeg    + . .      Spirit   .    a - +0 robe
rPois   .          Reflect  .    (no helmet)
rElec   .          Harm     .    (no cloak)
rCorr   +          Rampage  .    j - +1 pair of gloves "Utobuil" {rF+ rN+ rCorr Dex+3}
Will    .....                    (no boots)
Stlth   +.........               (no amulet)
HPRegen 0.08/turn                b - ring of wizardry
MPRegen 0.11/turn                g - ring of wizardry

@: freezing walls, glowing
A: sense surroundings 1, otherworldly, glowing, explore regen
a: no special abilities


You were on level 3 of the Dungeon.
You visited 1 branch of the dungeon, and saw 3 of its levels.

You collected 21 gold pieces.

Inventory:

Hand Weapons
 d - a +0 dagger (weapon)
   (You found it on level 1 of the Dungeon)
Armour
 a - a +0 robe (worn)
 j - the +1 pair of gloves "Utobuil" (worn) {rF+ rN+ rCorr Dex+3}
   (You found it on level 2 of the Dungeon)

   Dex:       It affects your dexterity (+3).
   rF:        It protects you from fire.
   rN:        It protects you from negative energy.
   rCorr:     It protects you from acid and corrosion.
Jewellery
 b - a ring of wizardry (left hand)
   (You found it on level 2 of the Dungeon)
 g - a ring of wizardry (right hand)
   (You found it on level 2 of the Dungeon)
Wands
 o - a wand of iceblast (7)
   (You found it on level 3 of the Dungeon)
Scrolls
 e - a scroll of torment {unknown}
 i - 2 scrolls of fear {unknown}
 k - a scroll of blinking {unknown}
 m - a scroll of vulnerability {unknown}
Potions
 c - a potion of flight {unknown}
 f - 2 potions of degeneration {unknown}
 h - a potion of curing {unknown}
 l - a potion of lignification {unknown}
 n - a potion of magic


   Skills:
 - Level 2.4 Dodging
 - Level 1.4 Stealth
 + Level 3.3 Spellcasting
 * Level 5.1 Ice Magic


You had 4 spell levels left.
You knew the following spells:

 Your Spells              Type           Power      Damage    Failure   Level
a - Freeze                Ice            88%        1d10      1%          1
b - Frozen Ramparts       Ice            44%        1d7       1%          3

Your spell library contained the following spells:

 Spells                   Type           Power      Damage    Failure   Level
 Ozocubu's Armour         Ice            22%        N/A       1%          3
 Sandblast                Erth           6%         2d5       4%          1
 Passwall                 Tmut/Erth      2%         N/A       6%          2
 Stone Arrow              Conj/Erth      6%         3d7       12%         3
 Hailstorm                Conj/Ice       12%        3d5       13%         4


Dungeon Overview and Level Annotations

Branches:
Dungeon (3/15) Zot: 1417

Altars:


Innate Abilities, Weirdness & Mutations

You passively map a small area around you.
You are easily found by Zot.
You glow in the dark.
You regain HP and MP as you explore.


Message History

You kill the hobgoblin!
Casting: Freeze (safe; 1% risk of failure)
Confirm with . or Enter, or press ? or * to list all spells.
You can't see any susceptible monsters within range! (Use Z to cast anyway.)
Found a scroll labelled ILAORR ZIWNAIGG.
Found a stone staircase leading down.
A rat comes into view.
You see here a scroll labelled ILAORR ZIWNAIGG.
k - a scroll labelled ILAORR ZIWNAIGG You hit the rat.
You kill the rat!
Casting: Freeze (safe; 1% risk of failure)
Confirm with . or Enter, or press ? or * to list all spells.
You can't see any susceptible monsters within range! (Use Z to cast anyway.)
There is a stone staircase leading down here.
You climb downwards.
Found 17 gold pieces and a yellow potion.
There is a stone staircase leading up here.
You now have 11 gold pieces.
There is a stone staircase leading up here.
l - a yellow potion A frilled lizard comes into view.
The frilled lizard hisses angrily.
Casting: Freeze (safe; 1% risk of failure)
Confirm with . or Enter, or press ? or * to list all spells.
Aiming: Freeze (safe; 1% risk of failure)
Press: ? - help, Shift-Dir - straight line, f - frilled lizard
Aim: a frilled lizard You freeze the frilled lizard!
You kill the frilled lizard!
You see here a frilled lizard corpse.
A quokka comes into view.
The quokka bites you.
Casting: Freeze (safe; 1% risk of failure)
Confirm with . or Enter, or press ? or * to list all spells.
Aiming: Freeze (safe; 1% risk of failure)
Press: ? - help, Shift-Dir - straight line, f - quokka
Aim: a quokka You freeze the quokka!
You kill the quokka!
You see here a quokka corpse.
Magic restored.
A worm comes into view.
You hit the worm.
The worm is lightly wounded.
Casting: Freeze (safe; 1% risk of failure)
Confirm with . or Enter, or press ? or * to list all spells.
Aiming: Freeze (safe; 1% risk of failure)
Press: ? - help, Shift-Dir - straight line, f - worm
Aim: a worm (lightly wounded)
You freeze the worm!
The worm is severely wounded.
The worm bites you.
Casting: Freeze (safe; 1% risk of failure)
Confirm with . or Enter, or press ? or * to list all spells.
Aiming: Freeze (safe; 1% risk of failure)
Press: ? - help, Shift-Dir - straight line, f/p - worm
Aim: a worm (heavily wounded)
You freeze the worm.
The worm is severely wounded.
The worm bites you but does no damage.
Casting: Freeze (safe; 1% risk of failure)
Confirm with . or Enter, or press ? or * to list all spells.
Aiming: Freeze (safe; 1% risk of failure)
Press: ? - help, Shift-Dir - straight line, f/p - worm
Aim: a worm (severely wounded)
You freeze the worm.
The worm is almost dead.
Casting: Freeze (safe; 1% risk of failure)
Confirm with . or Enter, or press ? or * to list all spells.
Aiming: Freeze (safe; 1% risk of failure)
Press: ? - help, Shift-Dir - straight line, f/p - worm
Aim: a worm (almost dead)
You freeze the worm!
You kill the worm!
You see here a worm corpse.
Found a scroll labelled FIEXKU FUSAOMY.
m - a scroll labelled FIEXKU FUSAOMY Magic restored.
You now have 21 gold pieces (gained 10).
n - a potion of magic;
o - a wand of iceblast (7)
The ogre shouts!
Casting: Freeze (safe; 1% risk of failure)
Confirm with . or Enter, or press ? or * to list all spells.
The walls around you are covered in ice.
The wall freezes the ogre but does no damage.
The ogre hits you with a +0 giant spiked club!!
Ouch! That really hurt!
* * * LOW HITPOINT WARNING * * *
Casting: Frozen Ramparts (safe; 1% risk of failure)
Confirm with . or Enter, or press ? or * to list all spells.
Aiming: Freeze (safe; 1% risk of failure)
Press: ? - help, Shift-Dir - straight line, f - ogre
Aim: an ogre, wielding a +0 giant spiked club You freeze the ogre!
The ogre is moderately wounded.
The wall freezes the ogre.
The ogre hits you with a +0 giant spiked club!
Ouch! That really hurt!
You die...

#...# #.#
#..##
###.######.
* #..#
#..........
* #######..#
#(#.######.
.........#
#.#.# *
########.#
#.#.# * *
#.# #..>#
######.#
###..#### ,
, #.†....#
#..@O...###
, *
*#.######
#..<.......#
+ *#.#
#.......##.#
* #.#
#..^....#* *
,*#.#
#$......# *,
#.#
#......... *
* #†#
#........##
*#.#
########.# *
* #.# !. ,


You could see an ogre.

Vanquished Creatures
  An adder (D:2)
  A worm (D:3)
  3 endoplasms (D:2)
  A giant cockroach (D:1)
  A goblin (D:1)
  A hobgoblin (D:2)
  2 quokkas
  2 ball pythons
  A bat (D:2)
  A frilled lizard (D:3)
  2 rats
16 creatures vanquished.

Notes
Turn   | Place    | Note
-------+----------+-------------------------------------------
     0 | D:1      | Flugkiller the Meteoran Ice Elementalist began the quest
                  | for the Orb.
     0 | D:1      | Reached XP level 1. HP: 14/14 MP: 5/5
    65 | D:1      | Reached XP level 2. HP: 3/20 MP: 1/6
   129 | D:3      | Noticed an ogre
   137 | D:2      | Reached XP level 3. HP: 12/26 MP: 6/8
   144 | D:2      | Learned a level 3 spell: Frozen Ramparts
   228 | D:2      | Reached skill level 5 in Ice Magic
   239 | D:2      | Identified the +1 pair of gloves "Utobuil" {rF+ rN+ rCorr
                  | Dex+3}
   383 | D:3      | Mangled by an ogre

Illustrated notes

Levels and vault maps discovered:
D:1:      minmay_arrival_four_houses, layout_loops_ring,
          chequers_serial_rivers_large_b
D:2:      cheibrodos_old_hovel, layout_loops_cross, minmay_misc_feat_five
D:3:      layout_loops_ring, shapermc_ecumenical_altar_ellora, serial_shops,
          nicolae_shop_hallway_stairs

Skill      XL: |  1  2  3 |
---------------+----------+-----
Spellcasting   | 3 |  3.3
Ice Magic      | 5 |  5.1
Dodging        | |  2.4
Stealth        | |  1.4

Action                   || total
-------------------------++-------
Melee: Dagger            ||     5
 Cast: Freeze            ||    29
       Frozen Ramparts   ||     1
  Use: Potion            ||     1
Armor: Robe              ||     8
Dodge: Dodged            ||    11

Table legend: (Time is in decaauts)
 A = Elapsed time spent in this place.
 B = Non-inter-level travel time spent in this place.
 C = Inter-level travel time spent in this place.
 D = Time resting spent in this place.
 E = Time spent auto-exploring this place.
 F = Levels seen in this place.
 G = Mean time per level.
                   A        B        C        D        E       F      G
               +--------+--------+--------+--------+--------+-----+--------+
         Total |    381 |    347 |     34 |      0 |      0 |   3 |  127.0 |
       Dungeon |    381 |    347 |     34 |      0 |      0 |   3 |  127.0 |
               +--------+--------+--------+--------+--------+-----+--------+

Top non-repeatable levels by time:
     D:2: 226 daAuts
     D:3: 87 daAuts
     D:1: 67 daAuts
